 Dungeon Crawl Stone Soup version 0.26.1-11-gd32895ea62 (webtiles) character file.

Game seed: 5843307633515075243

13158 orderly the Protected (level 12, -9/130 HPs)
             Began as a Halfling Wanderer on July 22, 2021.
             Was an Elder of Trog.
             Mangled by a freezing wraith (10 damage)
             ... led by a death knight
             ... on level 10 of the Dungeon.
             The game lasted 00:42:09 (15544 turns).

orderly the Protected (Halfling Wanderer)          Turns: 15544, Time: 00:42:11

Health: -9/130     AC: 18    Str: 17    XL:     12   Next: 29%
Magic:  12/12      EV:  8    Int: 11    God:    Trog [****..]
Gold:   595        SH:  0    Dex: 14    Spells: 11/11 levels left

rFire    + . .     SeeInvis .   a - +8 long sword "Anuroar" {drain, rPois rF+ rN+}
rCold    + . .     Faith    .   (shield restricted)
rNeg     + . .     Spirit   .   g - +0 plate armour
rPois    +         Reflect  .   (no helmet)
rElec    +         Harm     .   (no cloak)
rCorr    +         Rampage  .   r - +0 pair of gloves
Will     .....                  x - +0 pair of boots
Stlth    ..........             (no amulet)
HPRegen  0.31/turn              l - ring of protection from cold
MPRegen  0.13/turn              B - ring "Fuqofi" {+Inv rElec rCorr}

@: berserking (expiring), slowed
A: small, mutation resistance 1
a: Renounce Religion, Evoke Invisibility, Berserk, Trog's Hand, Brothers in Arms


You were on level 10 of the Dungeon.
You worshipped Trog.
Trog was greatly pleased with you.
You visited 2 branches of the dungeon, and saw 12 of its levels.

You collected 777 gold pieces.
You spent 182 gold pieces at shops.

Inventory:

Hand Weapons
 a - the +8 long sword "Anuroar" (weapon) {drain, rPois rF+ rN+}
   (You took it off an orc on level 8 of the Dungeon)

   A truly terrible weapon, it drains the life of those it strikes.
   It protects you from fire.
   It protects you from poison.
   It protects you from negative energy.
 b - a +0 hunting sling
Missiles
 h - 17 poisoned darts (quivered)
 i - 204 stones
 j - 5 silver boomerangs
 n - 13 boomerangs
 A - 68 sling bullets
Armour
 d - a +2 scale mail
 g - a +0 plate armour (worn)
 r - a +0 pair of gloves (worn)
 x - a +0 pair of boots (worn)
 G - a +0 chain mail of fire resistance
 H - a +0 chain mail of willpower
Jewellery
 l - a ring of protection from cold (left hand)
 B - the ring "Fuqofi" (right hand) {+Inv rElec rCorr}
   (You found it on level 5 of the Dungeon)

   [ring of resist corrosion]

   It insulates you from electricity.
   It lets you turn invisible.
   It provides partial protection from all sources of acid and corrosion.
 F - an uncursed ring of positive energy
 K - a +6 ring of strength
Wands
 y - a wand of enslavement (5)
 N - a wand of paralysis (19)
Scrolls
 c - 4 scrolls of teleportation
 e - a scroll of fog {unknown}
 f - a scroll of blinking
 k - 5 scrolls of enchant armour
 q - a scroll of enchant weapon {unknown}
 s - a scroll of immolation
 v - 2 scrolls of magic mapping
 w - a scroll of fear {unknown}
 z - a scroll of noise {unknown}
 E - 3 scrolls of remove curse
 J - a scroll of torment {unknown}
 L - 2 scrolls of identify
Potions
 m - 4 potions of resistance
 o - 2 potions of might
 p - 3 potions of lignification
 t - 2 potions of mutation
 u - 5 potions of curing
 C - 4 potions of ambrosia
 D - 3 potions of cancellation
 I - 2 potions of invisibility
 M - a potion of attraction {unknown}
 O - a potion of berserk rage {unknown}


   Skills:
 + Level 10.0 Fighting
 + Level 9.8 Long Blades
 - Level 3.6 Slings
 - Level 2.1 Bows
 + Level 11.6 Armour
 - Level 1.1 Dodging
 - Level 2.1 Stealth
 - Level 1.0 Unarmed Combat
 - Level 5.4 Evocations


You had 11 spell levels left.
You didn't know any spells.
Your spell library was empty.

Dungeon Overview and Level Annotations

Branches:
Dungeon (11/15)            Temple (1/1) D:5             Orc (0/2) D:11
   Lair: D:8-11

Altars:
Ashenzari
Cheibriados
Dithmenos
Elyvilon
Fedhas
Gozag
Hepliaklqana
Kikubaaqudgha
Makhleb
Nemelex Xobeh
Okawaru
Qazlal
Ru
Sif Muna
Trog
Uskayaw
Vehumet
Wu Jian
Xom
Yredelemnul
Zin
The Shining One

Shops:
D:4 *   D:11 [


Innate Abilities, Weirdness & Mutations

You are small and have problems with some larger weapons.
You are somewhat resistant to further mutation.


Message History

The freezing wraith barely misses you.
You barely miss the freezing wraith.
The freezing wraith is heavily damaged.
The wraith hits you!
* * * LOW HITPOINT WARNING * * *
The wraith drains your vigour!
You feel as though you will be slow longer.
The freezing wraith hits you.
* * * LOW HITPOINT WARNING * * *
The freezing wraith freezes you! You resist.
* * * LOW HITPOINT WARNING * * *
The freezing wraith hits you but does no damage.
You barely miss the freezing wraith.
The freezing wraith is heavily damaged.
The wraith completely misses you.
You riposte.
You slash the wraith!
The wraith is severely damaged.
The freezing wraith hits you!
* * * LOW HITPOINT WARNING * * *
The freezing wraith freezes you! You resist.
You die...

### ## ### #.## .#########.###
######..## .#.....##....#
###..#.....### #...........##
#........###.####
...........#######.......#...#..#
....#.#...##.....#...............
........####....@W#........##...#
.†......###.....W[..........###..
###......#....###.....##.#.......
##.............#....###..#.....#.
#.......................####...##
...................####..##......
...................##............
...#.............#.....#.........
#..#............##...............


You could see a freezing wraith and a wraith.

Vanquished Creatures
  A boulder beetle (D:11)
  A death knight (D:10)
  2 two-headed ogres
  3 unseen horrors
  An orc knight (D:11)
  An ugly thing (D:11)
  An elephant (D:11)
  2 trolls
  A hornet (D:9)
  Grinder (D:3)
  2 wyverns
  A wraith (D:11)
  4 yaks (D:11)
  A water moccasin (D:7)
  Purgy (D:3)
  6 orc warriors
  7 sky beasts
  3 black bears
  2 phantoms
  10 ogres
  A centaur (D:10)
  2 big kobolds
  13 bullfrogs
  3 killer bees (D:9)
  8 wights
  10 howler monkeys
  2 bullfrog zombies
  2 centaur zombies
  9 hounds
  4 orc priests
  A jelly (D:10)
  8 orc wizards
  A centaur skeleton (D:6)
  2 iguanas
  Natasha (thrice) (D:4)
  6 worker ants
  A hound zombie (D:10)
  A hound skeleton (D:5)
  A mummy (D:7)
  2 worker ant zombies
  4 gnolls
  A howler monkey skeleton (D:6)
  14 adders
  A shadow imp (D:5)
  A white imp (D:5)
  An adder skeleton (D:4)
  An adder zombie (D:6)
  4 worms
  2 dart slugs
  5 leopard geckos
  40 orcs
  6 giant cockroaches
  5 goblins
  12 hobgoblins
  5 jackals
  13 kobolds
  4 quokkas
  3 ball pythons
  2 bats
  3 frilled lizards
  A leopard gecko skeleton (D:4)
  9 rats
268 creatures vanquished.

Vanquished Creatures (collateral kills)
  An orc (D:6)
1 creature vanquished.

Vanquished Creatures (others)
  2 bushes (D:11)
  63 plants
65 creatures vanquished.

Grand Total: 334 creatures vanquished

Notes
Turn   | Place    | Note
-------+----------+-------------------------------------------
     0 | D:1      | orderly the Halfling Wanderer began the quest for the Orb.
     0 | D:1      | orderly set off with the following items: a +0 club, a
                  | potion of curing, a scroll of teleportation, a +2 scale
                  | mail, a +0 dagger
     0 | D:1      | Reached XP level 1. HP: 14/14 MP: 1/1
   110 | D:1      | Reached XP level 2. HP: 18/19 MP: 2/2
   534 | D:1      | Reached XP level 3. HP: 25/25 MP: 3/3
   578 | D:1      | Reached skill level 3 in Armour
  1244 | D:2      | Found a glowing silver altar of Zin.
  1301 | D:2      | Reached XP level 4. HP: 30/30 MP: 4/4
  1851 | D:3      | Noticed Grinder
  2088 | D:3      | Reached skill level 1 in Slings
  2117 | D:3      | Reached XP level 5. HP: 36/36 MP: 5/5
  2375 | D:3      | Reached skill level 4 in Armour
  2420 | D:3      | Noticed Purgy
  2877 | D:4      | Noticed Natasha
  2890 | D:4      | Killed Natasha
  2891 | D:4      | Reached XP level 6. HP: 20/43 MP: 6/6
  3272 | D:4      | Noticed an ogre
  3290 | D:4      | Killed an ogre
  3619 | D:4      | Found Jodan's General Store.
  3624 | D:4      | Bought a +0 scimitar for 52 gold pieces
  3624 | D:4      | Bought a scroll of identify for 26 gold pieces
  3624 | D:4      | Bought a wand of enslavement (6) for 104 gold pieces
  3668 | D:4      | Noticed Natasha
  3677 | D:4      | Killed Natasha
  3742 | D:4      | Noticed Natasha
  3753 | D:4      | Killed Natasha
  3879 | D:4      | Reached skill level 5 in Armour
  3879 | D:4      | Reached XP level 7. HP: 44/48 MP: 7/7
  4029 | D:4      | Reached skill level 1 in Long Blades
  4029 | D:4      | Reached skill level 1 in Evocations
  4086 | D:5      | Entered Level 5 of the Dungeon
  4191 | D:5      | HP: 1/49 [sky beast (6)]
  4487 | D:5      | Found a staircase to the Ecumenical Temple.
  4504 | Temple   | Entered the Ecumenical Temple
  4567 | Temple   | Became a worshipper of Trog the Wrathful
  4631 | D:5      | Got a flickering amber ring
  4632 | D:5      | Identified the ring "Fuqofi" {+Inv rElec rCorr} (You found
                  | it on level 5 of the Dungeon)
  4761 | D:5      | Reached XP level 8. HP: 43/54 MP: 8/8
  5147 | D:5      | Found a stormy altar of Qazlal.
  5271 | D:3      | Found a hide-covered altar of Uskayaw.
  5337 | D:3      | Killed Purgy
  5338 | D:3      | Reached skill level 5 in Fighting
  5338 | D:3      | Reached skill level 6 in Armour
  5524 | D:3      | Paralysed by Grinder for 2 turns
  5527 | D:3      | Killed Grinder
  5893 | D:3      | Found a radiant altar of Vehumet.
  5951 | D:3      | Found a white marble altar of Elyvilon.
  6132 | D:6      | Found a sacrificial altar of Ru.
  6289 | D:6      | Reached * piety under Trog
  6320 | D:6      | Reached XP level 9. HP: 51/61 MP: 9/9
  6604 | D:5      | Found a blossoming altar of Fedhas.
  6908 | D:5      | HP: 2/93 [orc warrior/+0 battleaxe (12)]
  7300 | D:6      | Reached skill level 7 in Armour
  8216 | D:7      | Reached skill level 5 in Long Blades
  8216 | D:7      | Reached skill level 5 in Evocations
  8821 | D:7      | Reached ** piety under Trog
  9322 | D:7      | Reached XP level 10. HP: 57/64 MP: 10/10
  9325 | D:7      | Reached skill level 8 in Armour
  9366 | D:7      | Found a basalt altar of Yredelemnul.
  9495 | D:7      | Found a snail-covered altar of Cheibriados.
  9574 | D:7      | You fall into a shaft and drop 1 floor!
  9616 | D:7      | Found a glowing golden altar of the Shining One.
  9656 | D:7      | Found an opulent altar of Gozag.
  9894 | D:8      | Identified the +8 long sword "Anuroar" {drain, rPois rF+
                  | rN+}
 10211 | D:8      | Found an iron altar of Okawaru.
 10224 | D:8      | Reached *** piety under Trog
 10487 | D:8      | Found a shadowy altar of Dithmenos.
 10753 | D:8      | Noticed a two-headed ogre
 10763 | D:8      | Killed a two-headed ogre
 10764 | D:8      | Reached skill level 9 in Armour
 11154 | D:9      | Noticed a two-headed ogre
 11170 | D:9      | Killed a two-headed ogre
 11500 | D:9      | Reached XP level 11. HP: 76/77 MP: 11/11
 11856 | D:9      | Reached skill level 10 in Armour
 12135 | D:10     | Entered Level 10 of the Dungeon
 12578 | D:10     | Killed an unseen horror
 12665 | D:10     | Killed an unseen horror
 13935 | D:11     | Noticed an orc knight
 13939 | D:11     | Noticed an elephant
 13942 | D:11     | Noticed a boulder beetle
 13946 | D:11     | Noticed a skeletal warrior
 13948 | D:11     | Killed an elephant
 13953 | D:11     | Killed an orc knight
 13953 | D:11     | Noticed a death knight
 13958 | D:11     | Reached **** piety under Trog
 13959 | D:11     | Reached skill level 11 in Armour
 13966 | D:11     | Noticed a skeletal warrior
 13970 | D:11     | Noticed a boulder beetle
 14507 | D:11     | Noticed a purple ugly thing
 14522 | D:11     | Killed a purple ugly thing
 14666 | D:11     | Reached XP level 12. HP: 81/86 MP: 12/12
 14673 | D:11     | Killed a boulder beetle
 14768 | D:11     | Found Xionk's Armour Shop.
 14775 | D:11     | Found a staircase to the Orcish Mines.
 14807 | D:11     | Killed an unseen horror
 14855 | D:11     | Paralysed by a wight for 5 turns
 15430 | D:10     | Killed a death knight
 15431 | D:10     | Reached skill level 10 in Fighting
 15544 | D:10     | HP: 1/130 [freezing wraith[a death knight] (8)]
 15544 | D:10     | Mangled by a freezing wraith

Illustrated notes

Levels and vault maps discovered:
D:1:      moated_graveyard_arrival, layout_loops_ring, serial_bayou_pond_d
D:2:      minmay_chambers_of_twos, layout_rooms, zin_academy
D:3:      layout_basic, elyvilon_altar_3, eat_drink_and_be_merry_uskayaw,
          old_standard_altar, uniq_purgy, uniq_grinder
D:4:      layout_loops_ring, serial_shops, shop_statue, serial_bayou_crossing,
          uniq_natasha
D:5:      layout_rooms, nicolae_overflow_hidden_temple,
          nicolae_qazlal_eye_of_the_storm, minmay_temple_entry_proselytizer
D:6:      layout_basic, old_standard_altar
D:7:      layout_loops_ring, old_standard_altar,
          nicolae_gozag_cash_rules_everything_around_me, marbit_many_paths,
          slow_altar_2, kennysheep_flooded_box
D:8:      layout_loops_corners, old_standard_altar, lemuel_doored_altar
D:9:      layout_roguey
D:10:     layout_cave_pools
D:11:     layout_small_grid, david_lair_generic, orc_david_3, kennysheep_boxes
Temple:   jpeg_temple_island

Skill      XL: |  1  2  3  4  5  6  7  8  9 10 11 12 |
---------------+-------------------------------------+-----
Fighting       | 2 3 4 5 6 8 9 10 | 10.0
Armour         | 3 4 5 6 7 9 11 | 11.6
Slings         | 1 2 3 |  3.6
Long Blades    | 2 3 5 7 9 |  9.8
Evocations     | 2 3 5 |  5.4
Bows           | |  2.1
Dodging        | |  1.1
Stealth        | |  2.1
Unarmed Combat | |  1.0

Action                   |  1- 3 |  4- 6 |  7- 9 | 10-12 || total
-------------------------+-------+-------+-------+-------++-------
Melee: Short sword       |    60 |       |       |       ||    60
       Club              |     5 |       |       |       ||     5
       Trident           |    42 |   191 |   462 |       ||   695
       Scimitar          |       |       |    17 |       ||    17
       Long sword        |       |       |    15 |   437 ||   452
       Punch             |       |       |       |     2 ||     2
       Hunting sling     |       |       |       |     1 ||     1
 Fire: Hunting sling     |       |    18 |    10 |    19 ||    47
Throw: Boomerang         |       |       |     1 |       ||     1
       Dart              |       |       |       |     5 ||     5
Invok: Berserk           |       |       |     3 |    10 ||    13
       Trog's Hand       |       |       |       |     3 ||     3
Evoke: Wand              |       |       |     1 |       ||     1
  Use: Potion            |       |       |     3 |     1 ||     4
       Scroll            |       |       |    14 |     4 ||    18
 Stab: Distracted        |       |       |     1 |       ||     1
Armor: Scale mail        |    38 |    91 |   127 |       ||   256
       Plate armour      |       |       |   208 |   461 ||   669
Dodge: Dodged            |    60 |   104 |   227 |   175 ||   566
       Rpst.: Scimitar   |       |       |     1 |       ||     1
       Long sword        |       |       |       |    56 ||    56
